 Dungeon Crawl Stone Soup version 0.31-a0-263-ge8cad7f256 (webtiles) character file.

Game seed: 2408191166890210951

16 qw the Shooter (level 2, -4/16 HPs)
             Began as a Gargoyle Hexslinger on July 13, 2023.
             Slain by a worm (6 damage)
             ... on level 2 of the Dungeon.
             The game lasted 00:00:14 (721 turns).

qw the Shooter (Gargoyle Hexslinger)                 Turns: 721, Time: 00:00:14

Health: -4/16      AC:  7    Str: 11    XL:     2   Next: 58%
Magic:  3/3        EV: 10    Int: 13    God:
Gold:   101        SH:  0    Dex: 12    Spells: 2/3 levels left

rFire   . . .        Y - +1 sling
rCold   . . .        (no shield)
rNeg    + . .        e - +0 ring mail
rPois   inf          (no helmet)
rElec   +            (no cloak)
rCorr   .            (no gloves)
SInv    .            (no boots)
Will    .....        (no amulet)
Stlth   +            (no ring)
HPRegen 0.22/turn    (no ring)
MPRegen 0.08/turn

%: no passive effects
@: no status effects
A: sickness immunity, AC +2, negative energy resistance 1, electricity
resistance, torment resistance 1, petrification resistance
a: no special abilities


You were on level 2 of the Dungeon.
You visited 1 branch of the dungeon, and saw 2 of its levels.

You collected 101 gold pieces.


Innate Abilities, Weirdness & Mutations

You are immune to sickness and miasma.
Your stone body is resilient. (AC +2)
You are immune to poison.
You resist negative energy. (rN+)
You are resistant to electric shocks. (rElec)
You are resistant to unholy torment.
You are immune to petrification.


   Skills:
 + Level 1.4 Fighting
 - Level 3.0 Ranged Weapons
 - Level 1.5 Dodging
 - Level 1.0 Spellcasting
 - Level 2.6 Hexes


You had 2 spell levels left.
You knew the following spells:

 Your Spells              Type           Power      Damage    Failure   Level
a - Slow                  Hex            28%        N/A       22%         1

Your spell library contained the following spells:

 Spells                   Type           Power      Damage    Failure   Level
 Inner Flame              Hex/Fire       4%         N/A       75%         3
 Portal Projectile        Hex/Tloc       8%         N/A       75%         3
 Cause Fear               Hex            3%         N/A       92%         4

Inventory:

Hand Weapons
 Y - a +1 sling (weapon)
Armour
 e - a +0 ring mail (worn)
Potions
 d - a potion of curing {unknown}
 g - a potion of mutation {unknown}
 h - a potion of resistance {unknown}

Dungeon Overview and Level Annotations

Branches:
Dungeon (2/15)

Altars:


Message History

The sling bullet closely misses the rat.
The rat bites you but does no damage.
You shoot a sling bullet.
The sling bullet hits the rat but does no damage.
The rat closely misses you.
You shoot a sling bullet. The sling bullet hits the rat!
You kill the rat!
You see here a rat corpse.
Found a stone staircase leading down.
A quokka comes into view.
You shoot a sling bullet. The sling bullet misses the quokka.
You shoot a sling bullet.
The sling bullet barely misses the quokka.
You shoot a sling bullet.
The sling bullet barely misses the quokka.
A kobold comes into view. It is wielding a +0 whip.
The quokka twitches its whiskers.
You shoot a sling bullet. The sling bullet hits the quokka.
You kill the quokka!
The kobold hits you but does no damage.
You shoot a sling bullet. The sling bullet hits the kobold.
You kill the kobold!
A worm comes into view.
You shoot a sling bullet. The sling bullet hits the worm.
The worm is lightly wounded.
You shoot a sling bullet. The sling bullet hits the worm.
The worm is lightly wounded.
You shoot a sling bullet.
The sling bullet barely misses the worm.
You shoot a sling bullet. The sling bullet hits the worm.
The worm is moderately wounded.
The worm bites you!
Ouch! That really hurt!
You shoot a sling bullet. The sling bullet hits the worm.
The worm is moderately wounded.
The worm bites you.
You shoot a sling bullet. The sling bullet hits the worm.
The worm is heavily wounded.
The worm bites you.
You die...

#.# .### ####
###. #.# ...
..### #.'.
######.#######
#.. ....# #.#.
#<............
#.######.#.# #.#.
######.#######
#.>......#.# #.##
#.#
#..#.###.#.####.#
#.#
#..#%###.....##.#
#.#
#..#...#.#.#....#
#.#
#@.###.<.#.###..#
#.# #...w..#
##..#.# ##... #.#
#....!.# #..#.#
#.#. #......#
#..#.# #.##
#......# #..#.#
#.# +......#
...... ...
#....#.# ######
#.# ##### .#


You could see a worm.

Vanquished Creatures
  A dart slug (D:1)
  2 endoplasms (D:1)
  A giant cockroach (D:1)
  A hobgoblin (D:1)
  A kobold (D:2)
  3 quokkas
  3 frilled lizards (D:1)
  A rat (D:2)
13 creatures vanquished.

Notes
Turn   | Place    | Note
-------+----------+-------------------------------------------
     0 | D:1      | qw the Gargoyle Hexslinger began the quest for the Orb.
     0 | D:1      | Reached XP level 1. HP: 12/12 MP: 2/2
     0 | D:1      | 0 ||| qw: Version: 0.3-a-52-g30416fa
     0 | D:1      | 0 ||| qw: Game counter: 7356
     0 | D:1      | 0 ||| qw: Melee chars always use a shield: true
     0 | D:1      | 0 ||| qw: God list: Okawaru
     0 | D:1      | 0 ||| qw: Allow faded altars: false
     0 | D:1      | 0 ||| qw: Do Orc after clearing Dungeon:15 true
     0 | D:1      | 0 ||| qw: Do second Lair branch before Depths: true
     0 | D:1      | 0 ||| qw: Lair rune preference: random
     0 | D:1      | 0 ||| qw: Goals: Normal
     0 | D:1      | 0 ||| PLANNING D:1-11
    84 | D:1      | Found a faded altar of an unknown god.
   214 | D:1      | Reached XP level 2. HP: 16/16 MP: 3/3
   593 | D:1      | 593 ||| UPGRADING to +0 ring mail.
   603 | D:1      | 603 ||| DROPPING +0 robe.
   604 | D:1      | 604 ||| READING scroll labelled ECZACROFISI.
   605 | D:1      | 605 ||| READING scroll labelled WOCWUVEUNU.
   608 | D:1      | 608 ||| READING scroll labelled BEMUCI BIBRAE.
   609 | D:1      | 609 ||| DROPPING scroll of poison.
   639 | D:2      | Reached skill level 3 in Ranged Weapons
   720 | D:2      | HP: 2/16 [worm (5)]
   721 | D:2      | Slain by a worm

Levels and vault maps discovered:
D:1:      shiori_arrival_elements, layout_basic,
          hellmonk_ecumenical_altar_lost_god, chequers_serial_rivers_room_b
D:2:      layout_basic, serial_shops, shop

Skill      XL: |  1  2 |
---------------+-------+-----
Ranged Weapons | 3 |  3.0
Fighting       | |  1.4
Dodging        | |  1.5
Spellcasting   | |  1.0
Hexes          | |  2.6

Action                     || total
---------------------------++-------
   Fire: Sling             ||    47
    Use: Scroll            ||     3
 Armour: Robe              ||     3
         Ring mail         ||     4
  Dodge: Dodged            ||    11

Table legend:
 A = Non-vault XP
 B = Vault XP
 C = Vault XP percentage of total XP
 D = Non-vault monster count
 E = Vault monster count
 F = Vault count percentage of total count
                 A         B        C        D         E       F
            +---------+---------+-------+---------+---------+-------
      Total |      24 |       0 |   0.0 |      13 |       0 |   0.0
            +---------+---------+-------+---------+---------+-------
        D:1 |      17 |       0 |   0.0 |       9 |       0 |   0.0
        D:2 |       7 |       0 |   0.0 |       4 |       0 |   0.0
            +---------+---------+-------+---------+---------+-------
